 Dungeon Crawl Stone Soup version 0.23-a0-558-g30802b1 (webtiles) character file.

457 KnightedAnt the Shield-Bearer (level 7, -2/56 HPs)
             Began as a Formicid Fighter on Dec 12, 2018.
             Was an Initiate of Ru.
             Slain by a sky beast (6 damage)
             ... on level 5 of the Dungeon.
             The game lasted 00:08:04 (4142 turns).

KnightedAnt the Shield-Bearer (Formicid Fighter)    Turns: 4142, Time: 00:08:05

Health: -2/56      AC:  9    Str: 23    XL:     7   Next: 27%
Magic:  7/7        EV:  7    Int:  7    God:    Ru [......]
Gold:   191        SH: 10    Dex: 10    Spells: 6/6 levels left

rFire    . . .     SeeInvis +   a - +0 long sword
rCold    . . .     Gourm    .   c - +0 shield
rNeg     . . .     Faith    .   h - +0 chain mail
rPois    .         Spirit   .   (helmet unavailable)
rElec    .         Reflect  .   (no cloak)
rCorr    .         Harm     .   (no gloves)
MR       .....                  (no boots)
Stlth    ..........             (no amulet)
HPRegen  0.18/turn              (no ring)
MPRegen  0.10/turn              (no ring)

@: lethally poisoned (-2 -> -3)
A: permanent stasis, dig shafts and tunnels, four strong arms, antennae 3
a: Dig, Shaft Self, Renounce Religion


You were on level 5 of the Dungeon.
You worshipped Ru.
Ru was noncommittal.
You were hungry.

You visited 2 branches of the dungeon, and saw 6 of its levels.

You collected 191 gold pieces.

Inventory:

Hand Weapons
 a - a +0 long sword (weapon)
 b - a +0 hunting sling
Missiles
 e - 146 stones (quivered)
 k - 23 sling bullets
Armour
 c - a +0 shield (worn)
 h - a +0 chain mail (worn)
Jewellery
 j - an uncursed ring of see invisible {unknown}
 p - a cursed ring of teleportation {unknown}
 w - a cursed ring of attention {unknown}
 A - a +4 amulet of reflection {unknown}
Wands
 y - a wand of clouds (7)
Scrolls
 g - 3 scrolls of remove curse {unknown}
 i - 4 scrolls of identify {unknown}
 l - 2 scrolls of blinking {unknown}
 m - a scroll of noise {unknown}
 n - a scroll of amnesia {unknown}
 q - 5 scrolls of teleportation {unknown}
 s - 2 scrolls of fear {unknown}
 v - a scroll of fog {unknown}
Potions
 d - 2 potions of might
 o - 3 potions of curing {unknown}
 r - 2 potions of berserk rage {unknown}
 t - a potion of brilliance {unknown}
 u - 2 potions of heal wounds {unknown}
 x - a potion of lignification
Comestibles
 f - 12 rations


   Skills:
 + Level 5.0 Fighting
 + Level 4.0 Long Blades
 + Level 5.1 Armour
 + Level 5.6 Shields


You had 6 spell levels left.
You didn't know any spells.
Your spell library contained the following spells:

 Spells                   Type           Power        Failure   Level  Hunger
 Animate Skeleton         Necr           N/A          100%        1    ##.....
 Apportation              Tloc           #.....       100%        1    ##.....
 Confusing Touch          Hex            #.....       100%        1    ##.....
 Summon Small Mammal      Summ           #...         100%        1    ##.....


Dungeon Overview and Level Annotations

Branches:
Dungeon (5/15)             Temple (1/1) D:4

Altars:
Cheibriados
Ru
Sif Muna
Vehumet
Xom
Zin


Innate Abilities, Weirdness & Mutations

You cannot be hasted, slowed, berserked, paralysed or teleported.
You can dig through walls and to a lower floor.
Your four strong arms can wield two-handed weapons with a shield.
You have a pair of large antennae on your head. (SInv)


Message History

The sky beast is moderately wounded.
You block the sky beast's attack.
You closely miss the sky beast.
The sky beast is moderately wounded.
The sky beast hits you. The sky beast shocks you.
* * * LOW HITPOINT WARNING * * *
The sky beast hits you.
* * * LOW HITPOINT WARNING * * *
The sky beast shocks you.
* * * LOW HITPOINT WARNING * * *
You hit the sky beast.
The sky beast is moderately wounded.
You feel sick.
The sky beast hits you but does no damage.
Your chain mail prevents you from hitting the sky beast.
The sky beast is moderately wounded.
The sky beast hits you.
* * * LOW HITPOINT WARNING * * *
The sky beast shocks you.
You die...

.%# ..#.# ..#
..#.###..#
####+#.#....o..
#..............
#.##.#.#......#
###.##.#.#......#
##Y#.##.#.#...!..#
#@#<.............#
####.##.#.#.####.#
#.##.......
#.##.#.#.###
#.##.#.#{#
....>....{{{{
...###.#### { ...
...


You could see a sky beast.

Vanquished Creatures
  A phantom (D:4)
  2 orc wizards
  An orc priest (D:3)
  A hound (D:3)
  An iguana (D:2)
  2 worker ants (D:4)
  5 gnolls
  4 adders
  A worm (D:3)
  2 dart slugs (D:1)
  5 leopard geckos
  8 orcs
  A ball python (D:1)
  5 bats
  7 giant cockroaches
  14 hobgoblins
  5 jackals
  8 kobolds
  2 frilled lizards (D:1)
  5 goblins
  10 rats
90 creatures vanquished.

Vanquished Creatures (others)
  2 gnolls (D:2)
  A goblin (D:2)
3 creatures vanquished.

Grand Total: 93 creatures vanquished

Notes
Turn   | Place    | Note
-------+----------+-------------------------------------------
     0 | D:1      | KnightedAnt the Formicid Fighter began the quest for the
                  | Orb.
     0 | D:1      | Reached XP level 1. HP: 18/18 MP: 1/1
   135 | D:1      | Reached XP level 2. HP: 24/24 MP: 2/2
   429 | D:1      | Reached XP level 3. HP: 29/29 MP: 3/3
   805 | D:2      | Found a radiant altar of Vehumet.
   964 | D:2      | Reached XP level 4. HP: 37/37 MP: 4/4
  1204 | D:2      | Reached XP level 5. HP: 24/42 MP: 5/5
  1993 | D:3      | Reached XP level 6. HP: 33/49 MP: 6/6
  2118 | D:3      | Reached skill level 5 in Shields
  3247 | D:4      | Found a staircase to the Ecumenical Temple.
  3262 | Temple   | Entered the Ecumenical Temple
  3335 | Temple   | Became a worshipper of Ru the Awakened
  3453 | D:4      | Noticed a phantom
  3468 | D:4      | Killed a phantom
  3577 | D:4      | Reached XP level 7. HP: 55/55 MP: 7/7
  3651 | D:4      | Reached skill level 5 in Armour
  3733 | D:4      | Reached skill level 5 in Fighting
  4097 | D:5      | Entered Level 5 of the Dungeon
  4142 | D:5      | Slain by a sky beast

Vault maps used:
D:1:      dpeg_arrival_rhombi
D:2:      fiery_altar_vehumet
D:3:      portal_sewer_entry_f
D:4:      minmay_temple_entry_hall
D:5:      first_ration
Temple:   compressed_dpeg_circular_temple

Skill      XL: |  1  2  3  4  5  6  7 |
---------------+----------------------+-----
Shields        | 4 5 |  5.6
Armour         | 4 5 |  5.1
Fighting       | 4 5 |  5.0
Long Blades    | 3 4 |  4.0

Action                   |  1- 3 |  4- 6 |  7- 9 || total
-------------------------+-------+-------+-------++-------
Melee: Long sword        |   115 |   217 |    65 ||   397
 Abil: Dig               |     2 |     4 |     1 ||     7
  Use: Potion            |       |     1 |       ||     1
  Eat: Chunk             |     1 |     8 |     2 ||    11
Armor: Scale mail        |    21 |       |       ||    21
       Chain mail        |    46 |   107 |    20 ||   173
       Skin              |       |     3 |       ||     3
Dodge: Dodged            |    35 |    36 |    12 ||    83
Block: Shield            |    57 |   118 |    26 ||   201
       Rpst.: Long sword |    14 |    11 |     2 ||    27

Table legend:
 A = Non-vault XP
 B = Vault XP
 C = Vault XP percentage of total XP
 D = Non-vault monster count
 E = Vault monster count
 F = Vault count percentage of total count
                 A         B        C        D         E       F
            +---------+---------+-------+---------+---------+-------
      Total |     641 |      12 |   1.8 |      85 |       5 |   5.6
            +---------+---------+-------+---------+---------+-------
        D:1 |      48 |       0 |   0.0 |      25 |       0 |   0.0
        D:2 |      95 |       0 |   0.0 |      18 |       0 |   0.0
        D:3 |     192 |      12 |   5.9 |      29 |       5 |  14.7
        D:4 |     266 |       0 |   0.0 |      12 |       0 |   0.0
        D:5 |      40 |       0 |   0.0 |       1 |       0 |   0.0
            +---------+---------+-------+---------+---------+-------
